 Dungeon Crawl Stone Soup version 0.23.2-1-ga50397a (webtiles) character file.

Game seed: 7487621321453004837

133 MalarOregon the Magician (level 4, -2/35 HPs)
             Began as a Demigod Wizard on May 18, 2019.
             Slain by an orc
             ... wielding a +0 morningstar
              (11 damage)
             ... on level 3 of the Dungeon.
             The game lasted 00:06:48 (2317 turns).

MalarOregon the Magician (Demigod Wizard)           Turns: 2317, Time: 00:06:50

Health: -2/35      AC:  2    Str: 10    XL:     4   Next: 64%
Magic:  11/11      EV: 13    Int: 24    God:
Gold:   167        SH:  0    Dex: 14    Spells: 6/9 levels left

rFire    . . .     SeeInvis .   d - +0 dagger
rCold    . . .     Gourm    .   (no shield)
rNeg     . . .     Faith    .   a - +0 robe
rPois    .         Spirit   .   b - +0 hat
rElec    .         Reflect  .   (no cloak)
rCorr    .         Harm     .   (no gloves)
MR       .....     Rnd*Tele +   (no boots)
Stlth    ++........             t - amulet of magic regeneration
HPRegen  0.11/turn              s - ring of teleportation (curse)
MPRegen  0.37/turn              (no ring)

@: no status effects
A: high mp 1
a: no special abilities


You were on level 3 of the Dungeon.
You were hungry.

You visited 1 branch of the dungeon, and saw 4 of its levels.

You collected 167 gold pieces.

Inventory:

Hand Weapons
 d - a +0 dagger (weapon)
   (You took it off a goblin on level 1 of the Dungeon)
 v - a +0 dagger of venom
   (You took it off a goblin on level 3 of the Dungeon)
Armour
 a - a +0 robe (worn)
 b - a +0 hat (worn)
Jewellery
 s - a cursed ring of teleportation (left hand)
   (You found it on level 2 of the Dungeon)
 t - an amulet of magic regeneration (around neck)
   (You found it on level 3 of the Dungeon)
Wands
 o - a wand of polymorph (6)
   (You found it on level 2 of the Dungeon)
Scrolls
 f - 2 scrolls of teleportation {unknown}
 g - 4 scrolls of identify {unknown}
 h - 4 scrolls of remove curse {unknown}
 i - a scroll of enchant armour {unknown}
 k - a scroll of amnesia {unknown}
 l - a scroll of noise {unknown}
 n - 2 scrolls of fog {unknown}
 p - 2 scrolls of blinking {unknown}
 u - a scroll of immolation {unknown}
 w - a scroll of magic mapping {unknown}
Potions
 j - a potion of lignification {unknown}
 m - a potion of magic
 q - a potion of flight {unknown}
 r - a potion of brilliance {unknown}
Comestibles
 e - 4 rations {!d}


   Skills:
 + Level 1.3 Fighting
 + Level 1.5 Armour
 + Level 2.4 Dodging
 + Level 2.4 Stealth
 + Level 3.0 Spellcasting
 + Level 1.6 Conjurations
 + Level 1.4 Summonings
   Level 0.8 Translocations


You had 6 spell levels left.
You knew the following spells:

 Your Spells              Type           Power        Failure   Level  Hunger
a - Magic Dart            Conj           ##..         5%          1    None
x - Call Imp              Summ           ##......     9%          2    ##.....

Your spell library contained the following spells:

 Spells                   Type           Power        Failure   Level  Hunger
 Blink                    Tloc           N/A          12%         2    ##.....
 Slow                     Hex            #.......     16%         2    ##.....
 Conjure Flame            Conj/Fire      #.......     22%         3    ###....
 Mephitic Cloud           Conj/Pois/Air  #.......     26%         3    ###....


Dungeon Overview and Level Annotations

Branches:
Dungeon (4/15)
 Temple: D:4-7


Innate Abilities, Weirdness & Mutations

You have an increased reservoir of magic. (+10% MP)


Message History

Done exploring.
Done exploring.
Done exploring.
Done exploring.
Done exploring.
There is a stone staircase leading down here.
You climb downwards.
A jackal, 2 orcs and 2 orc wizards come into view.
An orc is wielding a +2 dagger of venom.
The orc wizard shouts!
The orc shouts!
You hear a bark!
The jackal barks!
You hear a shout! x3; You hear a bark!
There is a stone staircase leading up here.
The orc wizard casts a spell.
The orc wizard flickers and vanishes!
Deactivating autopickup; reactivate with Ctrl-A.
An orc wizard comes into view. It is wielding a +0 dagger.
The orc barely misses you.
The orc wizard looks satisfied for a moment.
A magic dart appears from out of thin air!
The magic dart hits you!
You climb upwards.
Reactivating autopickup.
There is a stone staircase leading down here.
Aim: an orc, wielding a +0 morningstar and wearing a +0 leather armour The magic dart hits the orc but does no damage.
Aim: an orc, wielding a +0 morningstar and wearing a +0 leather armour The magic dart hits the orc but does no damage.
The orc barely misses you.
Aim: an orc, wielding a +0 morningstar and wearing a +0 leather armour The magic dart hits the orc but does no damage.
The orc barely misses you.
A beastly little devil appears in a puff of flame.
The orc hits you with a +0 morningstar.
A beastly little devil appears in a puff of flame.
The orc hits you with a +0 morningstar.
A beastly little devil appears in a puff of flame.
The orc closely misses you.
Your crimson imp blinks!
You hit the orc but do no damage.
Your crimson imp blinks! x2
You hit the orc but do no damage. The orc hits you with a +0 morningstar!
* * * LOW HITPOINT WARNING * * *
Your crimson imp blinks! x2
Your crimson imp blinks!
A metallic apparition takes form in the air.
You are feeling hungry.
The orc hits you with a +0 morningstar.
* * * LOW HITPOINT WARNING * * *
The orc hits you with a +0 morningstar!
You die...

.## #####..###.5...5.# ..#
#..........#####.#
..#####.##..#..### #.#
..#[.......###5# #.#
#...######## #5## #.# .....#
#<.# #.# ...#.# ##.# #.#
####.# #o### #5# .....##
#.@.####.# ......#
###...##.##### ....#.##
##.....#.....##
....#..########......>......##
.............#...............#
....####.###.#...............#
...>## #.###.#...............#
.....###...#.#...............#
.........#...#..5............#


You could see an orc, a friendly iron imp and a friendly crimson imp.

Vanquished Creatures
  2 adders
  A dart slug (D:2)
  2 leopard geckos
  5 orcs (D:3)
  7 bats
  3 giant cockroaches
  9 goblins
  4 hobgoblins (D:1)
  3 kobolds
  2 quokkas
  3 frilled lizards
  5 rats
46 creatures vanquished.

Vanquished Creatures (collateral kills)
  An ogre (D:2)
  A kobold (D:3)
  A rat (D:3)
3 creatures vanquished.

Grand Total: 49 creatures vanquished

Notes
Turn   | Place    | Note
-------+----------+-------------------------------------------
     0 | D:1      | MalarOregon the Demigod Wizard began the quest for the Orb.
     0 | D:1      | Reached XP level 1. HP: 14/14 MP: 6/6
    59 | D:1      | Reached skill level 1 in Conjurations
   163 | D:1      | Reached XP level 2. HP: 20/22 MP: 1/8
   426 | D:1      | Learned a level 2 spell: Call Imp
   597 | D:2      | Reached skill level 1 in Armour
   597 | D:2      | Reached skill level 1 in Summonings
   797 | D:2      | Reached XP level 3. HP: 26/27 MP: 3/10
  1304 | D:2      | Noticed an ogre
  1328 | D:2      | Killed an ogre
  1328 | D:2      | Reached skill level 1 in Fighting
  1328 | D:2      | Reached skill level 3 in Spellcasting
  1328 | D:2      | Reached XP level 4. HP: 18/35 MP: 2/11
  1501 | D:2      | Found an ancient bone altar of Kikubaaqudgha.
  2317 | D:3      | Slain by an orc

Skill      XL: |  1  2  3 |
---------------+----------+-----
Conjurations   | 1 |  1.6
Dodging        | 2 |  2.4
Stealth        | 2 |  2.4
Armour         | 1 |  1.5
Summonings     | 1 |  1.4
Fighting       | 1 |  1.3
Spellcasting   | 3 |  3.0
Translocations | |  0.8

Action                   |  1- 3 |  4- 6 || total
-------------------------+-------+-------++-------
Melee: Dagger            |    11 |    41 ||    52
 Cast: Magic Dart        |    67 |    34 ||   101
       Call Imp          |     5 |     7 ||    12
  Use: Potion            |     2 |       ||     2
 Stab: Sleeping          |     2 |     2 ||     4
  Eat: Chunk             |     1 |     3 ||     4
Armor: Robe              |     4 |     9 ||    13
Dodge: Dodged            |    16 |    43 ||    59
